 Dungeon Crawl Stone Soup version 0.20.1-1-g8b1a95d (webtiles) character file.

74 n0claF the Caller (level 4, 24/24 HPs)
             Began as a Deep Elf Summoner on Oct 26, 2017.
             Was an Initiate of Ru.
             Quit the game on level 3 of the Dungeon.
             The game lasted 00:25:28 (2747 turns).

n0claF the Caller (Deep Elf Summoner)               Turns: 2747, Time: 00:25:28

Health: 24/24      AC:  4    Str:  5    XL:     4   Next: 10%
Magic:  11/12      EV: 13    Int: 23    God:    Ru [......]
Gold:   77         SH:  0    Dex: 15    Spells: 12/12 levels left

rFire    . . .     SeeInvis .   m - -2 whip (curse)
rCold    . . .     Gourm    .   (no shield)
rNeg     . . .     Faith    .   a - +0 robe
rPois    .         Spirit   .   (no helmet)
rElec    .         Reflect  .   (no cloak)
rCorr    .         Harm     .   (no gloves)
MR       .....                  (no boots)
Stlth    ++........             (no amulet)
Regen    0.1/turn               (no ring)
MPRegen  0.2/turn               (no ring)

@: no status effects
A: iridescent scales 1, clever 1, MP-powered wands
a: Renounce Religion


You were on level 3 of the Dungeon.
You worshipped Ru.
Ru was noncommittal.
You were not hungry.

You visited 1 branch of the dungeon, and saw 3 of its levels.

You collected 77 gold pieces.

Inventory:

Hand Weapons
 g - a +0 blowgun
 m - a cursed -2 whip (weapon)
Armour
 a - a +0 robe (worn)
Scrolls
 e - 2 scrolls of amnesia
 h - 5 scrolls of identify {unknown}
 n - a scroll of recharging {unknown}
 p - a scroll of immolation {unknown}
 r - 2 scrolls of remove curse {unknown}
Potions
 f - a potion of mutation
 i - a potion of berserk rage {unknown}
 j - a potion of agility {unknown}
 k - 3 potions of haste {unknown}
 o - a potion of curing {unknown}
 s - a potion of lignification {unknown}
Books
 b - a book of Callings

   Spells                             Type                      Level
   a - Summon Small Mammal            Summoning                    1
   b - Call Imp                       Summoning                    2
   c - Call Canine Familiar           Summoning                    3
   d - Summon Guardian Golem          Hexes/Summoning              3
   e - Summon Lightning Spire         Summoning/Air                4
   f - Summon Ice Beast               Ice/Summoning                4
 q - a book of Misfortune

   Spells                             Type                      Level
   a - Confusing Touch                Hexes                        1
   b - Confuse                        Hexes                        3
   c - Gell's Gravitas                Translocation                3
   d - Petrify                        Transmutation/Earth          4
   e - Metabolic Englaciation         Hexes/Ice                    5
   f - Yara's Violent Unravelling     Hexes/Transmutation          5
Comestibles
 c - 3 bread rations
 d - a meat ration
 l - a royal jelly


   Skills:
 + Level 2.7 Dodging
 + Level 2.4 Stealth
 + Level 0.1 Unarmed Combat
 + Level 4.6 Spellcasting
   Level 5.3 Summonings


You had 12 spell levels left.
You didn't know any spells.

Dungeon Overview and Level Annotations

Branches:
Dungeon (3/15)

Altars:
Ru
Xom
Zin


Innate Abilities, Weirdness & Mutations

You are partially covered in iridescent scales. (AC +2)
Your mind is acute. (Int +2)
You expend magic power (3 MP) to strengthen your wands.


Message History

You don't know any spells.
You don't know any spells.
You don't know any spells.
You don't know any spells.
You don't know any spells.
You don't know any spells.
You don't know any spells.
You don't know any spells.
You don't know any spells.
You don't know any spells.
You don't know any spells.
You don't know any spells.
You don't know any spells.
You don't know any spells.
You don't know any spells.
You don't know any spells.
Quiver which item? (- for none, * to show all) (? for menu, Esc to quit)
Okay, then.
You swap places.
Are you sure you want to abandon this character and quit the game? (Confirm with "yes".)

#........#.#.#
#.#..........#
...........#.#
#.#..).(.....#
..#####†####.#
#.#.#........#
#.........#
#.#.#........#
....#.#.######
#.#.###.#.####
..
#.#.########.#.#
#.#... #
#..........r.#
#.#.... #
#.########r### #
. #.#.......##@#
#.#.(........#
#.#[.####.####
#....####
##......#
#...###.#
#....r..#
#.#...#...#
#.......#.#


You could see a friendly quokka and a friendly rat.

Vanquished Creatures (collateral kills)
  An orc wizard (D:2)
  5 adders (D:2)
  2 worms
  3 dart slugs
  A leopard gecko (D:2)
  A giant cockroach (D:2)
  4 goblins
  3 hobgoblins (D:2)
  8 jackals
  3 bats (D:2)
  3 frilled lizards
  10 kobolds
  7 rats
51 creatures vanquished.

Notes
Turn   | Place    | Note
-------+----------+-------------------------------------------
     0 | D:1      | n0claF the Deep Elf Summoner began the quest for the Orb.
     0 | D:1      | Reached XP level 1. HP: 10/10 MP: 6/6
   921 | D:1      | Reached XP level 2. HP: 14/15 MP: 2/8
  1068 | D:2      | Gained mutation: You expend magic power (3 MP) to strengthen your wands. [potion of mutation]
  1068 | D:2      | Gained mutation: Your mind is acute. (Int +2) [potion of mutation]
  1068 | D:2      | Gained mutation: You are partially covered in iridescent scales. (AC +2) [potion of mutation]
  1095 | D:2      | Reached skill level 5 in Summonings
  1125 | D:2      | Reached XP level 3. HP: 16/19 MP: 3/10
  1274 | D:2      | Found a sacrificial altar of Ru.
  1320 | D:2      | Became a worshipper of Ru the Awakened
  1530 | D:2      | Noticed an angel
  1531 | D:2      | Found a glowing silver altar of Zin.
  1531 | D:2      | Found a shimmering altar of Xom.
  2223 | D:2      | Reached XP level 4. HP: 24/24 MP: 7/12
  2747 | D:3      | Quit the game

Skill      XL: |  1  2  3 |
---------------+----------+-----
Summonings     | 5 |  5.3
Spellcasting   | 4 |  4.6
Dodging        | |  2.7
Stealth        | |  2.4
Unarmed Combat | |  0.1

Action                   |  1- 3 |  4- 6 || total
-------------------------+-------+-------++-------
Melee: Whip              |     1 |       ||     1
       Unarmed           |     1 |       ||     1
 Cast: Summon Small Mamm |   125 |    23 ||   148
  Use: Potion            |     2 |     1 ||     3
       Scroll            |       |     1 ||     1
 Stab: Sleeping          |     1 |       ||     1
  Eat: Chunk             |     4 |     1 ||     5
Armor: Robe              |    10 |       ||    10
Dodge: Dodged            |    27 |     4 ||    31
